 Dungeon Crawl Stone Soup version 0.18-a0-884-gb6cfd45 (webtiles) character file.

700 Raultor the Insei (level 7, 0/37 HPs)
             Began as a Vine Stalker Monk on Dec 22, 2015.
             Was a Priest of Zin.
             Engulfed by a steam dragon's steam (2 damage)
             ... on level 5 of the Dungeon.
             The game lasted 00:08:49 (3530 turns).

Raultor the Insei (Vine Stalker Monk)               Turns: 3530, Time: 00:08:49

Health: 0/37       AC:  4    Str: 15    XL:     7   Next: 65%
Magic:  0/17       EV: 14    Int: 11    God:    Zin [***...]
Gold:   230        SH:  0    Dex: 19    Spells: 0 memorised, 6 levels left

rFire  . . .     SeeInvis .       - Unarmed
rCold  . . .     Gourm    .     g - +0 leather armour
rNeg   . . .     Faith    .     (no shield)
rPois  ∞         Spirit   +     (no helmet)
rElec  .         Dismiss  .     t - +0 cloak
rCorr  .         Reflect  .     (no gloves)
SustAt .         Harm     .     (no boots)
MR     .....                    (no amulet)
Stlth  ++........               l - ring of magical power {MP+9}
                                i - ring of poison resistance {rPois, !d}

@: vitalised, not resistant to hostile enchantments, unstealthy
A: fangs 2, regeneration 2, magic shield, antimagic bite, no device heal 3, rot
immunity
a: Recite, Vitalisation, Imprison, Donate Gold, Renounce Religion


You were on level 5 of the Dungeon.
You worshipped Zin.
Zin was most pleased with you.
You were not hungry.

You visited 2 branches of the dungeon, and saw 6 of its levels.

You collected 255 gold pieces.
You donated 25 gold pieces to Zin.

Inventory:

Armour
 g - a +0 leather armour (worn)
   (You found it on level 1 of the Dungeon)
 t - a +0 cloak (worn)
   (You found it on level 3 of the Dungeon)
Jewellery
 i - a ring of poison resistance (left hand) {rPois, !d}
   (You found it on level 1 of the Dungeon)
 k - an uncursed ring of ice {rC+, rF-}
   (You found it on level 1 of the Dungeon)
 l - a ring of magical power (right hand) {MP+9}
   (You found it on level 1 of the Dungeon)
 s - an uncursed ring of fire {unknown}
   (You found it on level 3 of the Dungeon)
Scrolls
 a - 8 scrolls of identify {unknown}
 e - 3 scrolls of remove curse {unknown}
 o - a scroll of random uselessness {unknown}
 q - a scroll of magic mapping {unknown}
 u - 2 scrolls of enchant armour {unknown}
 v - a scroll of amnesia {unknown}
 w - 2 scrolls of fear {unknown}
 x - a scroll of enchant weapon {unknown}
 y - a scroll of summoning {unknown}
Potions
 c - a potion of brilliance {unknown}
 d - 2 potions of curing {unknown}
 h - 2 potions of agility {unknown}
 j - a potion of haste {unknown}
 m - a potion of mutation {unknown}
 n - a potion of cure mutation {unknown}
 r - a potion of poison {unknown}
Comestibles
 b - 3 bread rations {@e1}
 f - 2 meat rations {@e2}
 p - 5 fruits


   Skills:
 + Level 4.3 Fighting
 + Level 2.5 Armour
 + Level 3.7 Dodging
 - Level 2.4 Stealth
 * Level 6.6 Unarmed Combat


You had 6 spell levels left.
You didn't know any spells.

Dungeon Overview and Level Annotations

Branches:
Dungeon (5/15)             Temple (1/1) D:4

Altars:
Ashenzari
Dithmenos
Elyvilon
Makhleb
Okawaru
Pakellas
Ru
Sif Muna
Trog
Vehumet
Xom
Yredelemnul
Zin
The Shining One


Innate Abilities, Weirdness & Mutations

You have extremely sharp teeth.
You heal very quickly.
When hurt, damage is shared between your health and your magic reserves.
Your bite disrupts and absorbs the magic of your enemies.
Potions and wands cannot restore your health.
You are immune to rotting.


Message History

The angel shouts!
There is an open door here.
An ice beast comes into view.
The ice beast moves out of view.
You closely miss the ice beast. The ice beast closely misses you.
You barely miss the ice beast.
You bite the ice beast, but do no damage.
The ice beast hits you but does no damage.
You punch the ice beast! Your bite misses the ice beast.
The ice beast hits you. The ice beast freezes you!
You take 11 damage, and have 26/37 hp.
MASSIVE DAMAGE!!
You now have 12/17 mp.
You hit the ice beast but do no damage.
You bite the ice beast, but do no damage.
The ice beast completely misses you.
You barely miss the ice beast.
The ice beast hits you but does no damage.
You hit the ice beast.
You bite the ice beast, but do no damage.
The ice beast completely misses you.
You barely miss the ice beast. You bite the ice beast. You drain its power.
You feel invigorated.
You regained 2 mp, and now have 15/17 mp.
You hit the ice beast. You bite the ice beast. You drain its power.
You feel invigorated. The ice beast hits you. The ice beast freezes you.
You take 3 damage, and have 24/37 hp.
You now have 14/17 mp.
You barely miss the ice beast.
The ice beast hits you but does no damage.
You barely miss the ice beast. The ice beast closely misses you.
You hit the ice beast. The ice beast barely misses you.
You hit the ice beast.
You kill the ice beast!
y - a scroll labeled QOF VEADAIVO You regained 9 hp, and now have 35/37 hp.
MP restored: 17 You pay a tithe of 1 gold.
You now have 230 gold pieces (gained 5).
A giant frog skeleton comes into view.
Health restored: 37 The giant frog skeleton hits you but does no damage.
The giant frog skeleton barely misses you.
You hit the giant frog skeleton.
You bite the giant frog skeleton, but do no damage.
The giant frog skeleton hits you but does no damage.
You hit the giant frog skeleton.
Your bite misses the giant frog skeleton.
The giant frog skeleton barely misses you.
You punch the giant frog skeleton!
The giant frog skeleton closely misses you.
You hit the giant frog skeleton. You bite the giant frog skeleton.
You drain its power.
The giant frog skeleton hits you but does no damage.
You hit the giant frog skeleton.
You destroy the giant frog skeleton!
Zin accepts your kill.
No target in view!
You open the door.
Found a deep blue altar of Sif Muna.
Found an escape hatch in the floor.
There is an open door here.
A steam dragon comes into view.
The steam dragon breathes steam at you. The ball of steam hits you!
You take 5 damage, and have 32/37 hp.
You now have 15/17 mp.
You are engulfed in a cloud of scalding steam.
You take 6 damage, and have 26/37 hp.
You now have 12/17 mp.
Zin grants you divine stamina.
You are engulfed in a cloud of scalding steam.
The fungus is engulfed in a cloud of scalding steam. x2
You take 2 damage, and have 24/37 hp.
You now have 9/17 mp.
You closely miss the steam dragon. Your bite misses the steam dragon.
You are engulfed in a cloud of scalding steam.
The fungus is engulfed in a cloud of scalding steam. x2
The steam dragon breathes steam at you. The ball of steam hits you!
A scorpion comes into view.
You take 8 damage, and have 16/37 hp.
MASSIVE DAMAGE!!
You now have 6/17 mp.
You closely miss the steam dragon.
The fungus is engulfed in a cloud of scalding steam. x2
The steam dragon misses you. The steam dragon claws you.
You take 3 damage, and have 13/37 hp.
You now have 5/17 mp.
You hit the steam dragon.
You bite the steam dragon, but do no damage.
The steam dragon bites you but does no damage.
The steam dragon claws you.
You take 1 damage, and have 12/37 hp.
You hit the steam dragon.
You hit the steam dragon but do no damage.
The steam dragon breathes steam at you. The ball of steam hits you!
* * * LOW HITPOINT WARNING * * *
You take 10 damage, and have 2/37 hp.
MASSIVE DAMAGE!!
You now have 1/17 mp.
You barely miss the steam dragon.
You bite the steam dragon, but do no damage.
You are engulfed in a cloud of scalding steam.
You die...

P.>..........###≈.≈##........####
.............#.P..≈P##....##.....
P...........##P...=..#....###....
..........#.#.≈......#.#.## #....
........##..#≈P....≈P#.#.# #....
...#....#..###.....P##.#.## #####
#.#....#.## #.≈.P.###.#..#
#...... ##.@.#....##.# ... ...
#.D≈#....##.# ... #P..#.....#.##
#### #P..#........###...
#.sP#..............
#.$≈#.........##...
##.P#.....#...#####
#.≈#.............#


You could see a steam dragon and a scorpion.

Vanquished Creatures
  2 ice beasts (D:5)
  2 ogres
  A scorpion (D:4)
  2 hounds (D:4)
  A giant frog skeleton (D:5)
  2 orc wizards (D:3)
  The ghost of M4edhros the Charlatan, a weakling OpAr (D:3)
  5 adders
  A worm (D:3)
  6 giant geckos
  12 orcs
  5 giant cockroaches
  6 hobgoblins
  9 jackals
  A quokka (D:2)
  5 bats
  3 giant newts
  6 goblins
  4 kobolds
  A quokka skeleton (D:4)
  2 rats
77 creatures vanquished.

Vanquished Creatures (others)
  3 fungi (D:5)
3 creatures vanquished.

Grand Total: 80 creatures vanquished

Notes
Turn   | Place    | Note
--------------------------------------------------------------
     0 | D:1      | Raultor the Vine Stalker Monk began the quest for the Orb.
     0 | D:1      | Reached XP level 1. HP: 11/11 MP: 2/2
   168 | D:1      | Reached XP level 2. HP: 16/16 MP: 3/3
   210 | D:1      | Reached skill level 3 in Fighting
   691 | D:1      | Reached XP level 3. HP: 18/20 MP: 4/4
   890 | D:2      | Found a sacrificial altar of Ru.
  1154 | D:2      | You fall through a shaft!
  1224 | D:3      | Reached XP level 4. HP: 24/24 MP: 5/5
  1355 | D:3      | Noticed M4edhros's ghost (weakling OpAr)
  1379 | D:3      | Killed M4edhros's ghost
  1451 | D:3      | Found an oddly glowing altar of Pakellas.
  1493 | D:3      | Reached skill level 5 in Unarmed Combat
  1504 | D:3      | Reached skill level 1 in Armour
  1504 | D:3      | Reached XP level 5. HP: 15/28 MP: 6/6
  1862 | D:3      | Reached skill level 3 in Dodging
  2001 | D:4      | Noticed an ogre
  2014 | D:4      | Killed an ogre
  2014 | D:4      | Gained mutation: You heal very quickly. [Vine Stalker growth]
  2014 | D:4      | Reached XP level 6. HP: 18/33 MP: 7/7
  2323 | D:4      | Found an iron altar of Okawaru.
  2455 | D:4      | Reached skill level 6 in Unarmed Combat
  2548 | D:4      | Found a staircase to the Ecumenical Temple.
  2553 | Temple   | Entered the Ecumenical Temple
  2654 | Temple   | Became a worshipper of Zin the Law-Giver
  2654 | Temple   | Reached * piety under Zin
  2654 | Temple   | Reached ** piety under Zin
  3118 | D:3      | Found a shadowy altar of Dithmenos.
  3214 | D:3      | Found a shimmering altar of Xom.
  3273 | D:5      | Entered Level 5 of the Dungeon
  3320 | D:5      | Reached skill level 4 in Fighting
  3320 | D:5      | Reached skill level 2 in Armour
  3320 | D:5      | Reached XP level 7. HP: 24/37 MP: 8/8
  3331 | D:5      | Reached *** piety under Zin
  3346 | D:5      | Found a basalt altar of Yredelemnul.
  3401 | D:5      | Found a basalt altar of Yredelemnul.
  3411 | D:5      | Found a glowing golden altar of the Shining One.
  3413 | D:5      | Noticed an angel
  3496 | D:5      | Found a deep blue altar of Sif Muna.
  3521 | D:5      | Noticed a steam dragon
  3529 | D:5      | HP: 2/37 [steam dragon/ball of steam (11)]
  3530 | D:5      | Engulfed by a steam dragon's steam

Vault maps used:
D:1:      dpeg_arrival_fog, kennysheep_boxes
D:2:      overflow_temple_1_default
D:3:      overflow_temple_1_default, nicolae_overflow_hidden_temple
D:4:      kennysheep_okawaru_gauntlet, temple_doors_e,
          kennysheep_generic_room_12
D:5:      kennysheep_steamy, grunt_temple_overflow_holy_war,
          cheibriados_altar_1, general_overflow_altar, first_bread,
          hangedman_abyss_or_decor_stagger, yredelemnul_altar_generic
Temple:   circular_temple_6

Action                   |  1- 3 |  4- 6 |  7- 9 || total
-------------------------+-------+-------+-------++-------
Melee: Unarmed           |    84 |   163 |    29 ||   276
Invok: Vitalisation      |       |       |     1 ||     1
 Stab: Sleeping          |     3 |     2 |       ||     5
       Distracted        |       |     1 |       ||     1
  Eat: Chunk             |     1 |     5 |       ||     6
       Bread ration      |       |     1 |       ||     1

Vault maps used:
D:1:      dpeg_arrival_fog, kennysheep_boxes
D:2:      overflow_temple_1_default
D:3:      overflow_temple_1_default, nicolae_overflow_hidden_temple
D:4:      kennysheep_okawaru_gauntlet, temple_doors_e,
          kennysheep_generic_room_12
D:5:      kennysheep_steamy, grunt_temple_overflow_holy_war,
          cheibriados_altar_1, general_overflow_altar, first_bread,
          hangedman_abyss_or_decor_stagger, yredelemnul_altar_generic
Temple:   circular_temple_6

Table legend:
 A = Turns spent in this place as a percentage of turns spent in the entire game.
 B = Non-inter-level travel turns spent in this place as a percentage of non-inter-level travel turns spent in the entire game.
 C = Inter-level travel turns spent in this place as a percentage of turns spent in this place.
 D = Turns resting spent in this place as a percentage of non-inter-level travel turns spent in this place.
 E = Turns spent auto-exploring this place as a percentage of non-inter-level travel turns spent in this place.
 F = Non-inter-level travel turns spent in this place divided by the number of levels of this place that you've seen.
                   A       B       C       D       E      F
               +-------+-------+-------+-------+-------+----------------------
         Total | 100.0 | 100.0 |   1.3 |   0.7 |  15.3 | 148.3
       Dungeon |  97.0 |  97.1 |   1.3 |   0.7 |  15.4 | 172.8
        Temple |   3.0 |   2.9 |   3.7 |   0.0 |  11.5 |  26.0
               +-------+-------+-------+-------+-------+----------------------

Table legend:
 A = Kills in this place as a percentage of kills in entire the game.
 B = Kills by you in this place as a percentage of kills by you in the entire game.
 C = Kills by friends in this place as a percentage of kills by friends in the entire game.
 D = Other kills in this place as a percentage of other kills in the entire game.
 E = Experience gained in this place as a percentage of experience gained in the entire game.
 F = Experience gained in this place divided by the number of levels of this place that you have seen.
                   A       B       C       D       E      F
               +-------+-------+-------+-------+-------+----------------------
         Total | 100.0 | 100.0 |  -nan |  -nan | 100.0 | 166.8
       Dungeon | 100.0 | 100.0 |  -nan |  -nan | 100.0 | 200.2
               +-------+-------+-------+-------+-------+----------------------
